Unix NetHack Version 5.0.0-0 post-release - last build Jul 14 2026 02:55:29 (1809b74e8187c3a3585e283601c3028b46cbbdcb,branch:main).

Game began 2026-07-17 13:13:37, ended 2026-07-17 13:59:07.

CheBegorr4h, chaotic male human Rogue

    --.|
    |*<*..
    --..x.
     |....

CheBegorr4h the Grid Bug  St:13 Dx:18 Co:14 In:13 Wi:8 Ch:10  Chaotic
Dlvl:6  $:236 HP:2(2) Pw:19(19) AC:9  HD:0 T:2589  Overloaded

Latest messages:
 In what direction? u
 The dagger hits the gnome lord.
 The gnome lord swings his sling.
 The gnome lord misses!
 In what direction? u
 You throw 3 daggers.
 The 1st dagger hits the gnome lord.
 The 2nd dagger hits the gnome lord.
 The 3rd dagger hits the gnome lord!
 You kill the gnome lord!
 Welcome to experience level 6.
 L - 5 +0 daggers (at the ready) (9 in total).
 There are several more objects here.
 You swap places with your pony.
 The dog drops a stone called FLint.
 What do you want to adjust? [a-hjkmrtvx-zACE-HLO-Z or ?*] T
 Adjust letter to what [iln-qsuwBDI-KMNT] (? see used letters)? W
 Swapping: W - a magic whistle.
 What do you want to use or apply? [ae-gtvAOTVW or ?*] W
 You produce a strange whistling sound.
 Two creatures appear.
 The pony drops a stone called FLint.
 You swap places with your dog.
 The pony drops a stone called FLint.
 There is a staircase down here.
 You see here a stone called FLint.
 You have a little trouble lifting a stone called FLint.  Continue? [ynq] (q) y
 You have a little trouble lifting T - a stone called FLint (2 in total).
 Your movements are slowed slightly because of your load.
 You fall down the stairs.
 What do you want to drop? [$a-hjkmrtvx-zACE-HLO-Z or ?*] T
 You drop 2 stones called FLint.
 Your movements are now unencumbered.
 The gnome misses!
 You kill the gnome!
 The pony drops a stone called FLint.
 You have a little trouble lifting a ruby potion.  Continue? [ynq] (q) y
 You have a little trouble lifting l - a ruby potion.
 Your movements are slowed slightly because of your load.
 What do you want to drink? [dlH or ?*] l
 You feel a little strange.
 You turn into a grid bug!
 Your armor falls around you!
 You can't even move a handspan with this load!
 You shrink out of your cloak!
 Your helm falls to the floor!
 Your boots slide off your feet!
 You find you must drop your dagger!
 Really quit without saving? [yn] (n) y
 Do you want your possessions identified? [ynq] (y) q

Inventory:
 Coins    ('$')
  $ - 236 gold pieces
 Weapons  (')')
  L - 9 +0 daggers (at the ready)
  j - a cursed -2 dagger
 Comestibles  ('%')
  P - a cursed slime mold
  G - 2 uncursed food rations
  E - an uncursed lichen corpse
 Scrolls  ('?')
  k - an uncursed scroll of gold detection
  C - an uncursed scroll of identify
  z - a cursed scroll of identify
  F - an uncursed scroll of magic mapping named ok
 Spellbooks  ('+')
  v - an uncursed spellbook of restore ability
 Potions  ('!')
  H - an uncursed potion of healing
  d - an uncursed potion of sickness
 Rings    ('=')
  h - a cursed -2 ring of adornment named cursed
 Wands    ('/')
  A - a wand of wishing (0:1)
 Tools    ('(')
  f - an empty uncursed sack
  g - an uncursed blindfold
  e - an uncursed lock pick
  W - an uncursed magic whistle
  t - an uncursed mirror
  O - a +0 pick-axe named ok
  a - an uncursed towel
 Gems/Stones  ('*')
  S - an uncursed black opal
  X - an uncursed jade stone
  U - an uncursed ruby
  Q - an uncursed topaz stone
  c - an uncursed worthless piece of black glass
  m - 3 uncursed worthless pieces of blue glass
  y - 2 uncursed worthless pieces of red glass
  x - an uncursed worthless piece of yellow glass
  V - an uncursed touchstone

CheBegorr4h the Rogue's attributes:

Background:
 You were in male grid bug form.
 You were actually a Rogue, level 6 male human.
 You were chaotic, nominally on a mission for Kos
 who was opposed by Issek (lawful) and Mog (neutral).
 You were normally right-handed.
 You were in the Gnomish Mines, on level 6.
 You entered the dungeon 2589 turns ago.
 There was a new moon in effect when your adventure ended.

Basics:
 You had all 2 hit points.
 You had all 19 energy points (spell power).
 You had 0 hit dice (actually 1/2).
 Your armor class was 9.
 Your wallet contained 236 zorkmids.
 Autopickup was on for '$!/(' plus thrown, with exceptions.

Final Characteristics:
 Your strength was 13.
 Your dexterity was 18.
 Your constitution was 14.
 Your intelligence was 13.
 Your wisdom was 8.
 Your charisma was 10.

Final Status:
 You were transformed.
 You weren't hungry.
 You were overloaded; movement was not possible.
 You weren't wielding anything.
 You were unskilled in bare handed combat.
 You weren't wearing any armor.

Final Attributes:
 You were piously aligned.
 You were shock resistant.
 You were poison resistant.
 You saw invisible.
 You were stealthy.
 You were polymorphed into a grid bug.
 You survived.

Miscellaneous:
 You didn't encounter any bones levels.
 Total elapsed playing time was 45 minutes and 29 seconds.

Major events:
 Turn
    1: CheBegorr4h the chaotic male human Rogue entered the dungeon
 1067: attained the rank of Cutpurse (level 3)
 1774: entered the Gnomish Mines
 2557: attained the rank of Rogue (level 6)
 2589: quit

You didn't know any spells.

Skills:
 Fighting Skills
   bare handed combat [Unskilled]
   two weapon combat  [Unskilled]
   riding             [Unskilled]
 Weapon Skills
   dagger             [Skilled]
   knife              [Unskilled]
   short sword        [Basic]
   broadsword         [Unskilled]
   long sword         [Unskilled]
   two-handed sword   [Unskilled]
   saber              [Unskilled]
   club               [Unskilled]
   mace               [Unskilled]
   morning star       [Unskilled]
   flail              [Unskilled]
   hammer             [Unskilled]
   polearms           [Unskilled]
   spear              [Unskilled]
   crossbow           [Unskilled]
   dart               [Unskilled]
   shuriken           [Unskilled]
 Spellcasting Skills
   divination spells  [Unskilled]
   escape spells      [Unskilled]
   matter spells      [Unskilled]

Voluntary challenges:
 Character rerolling was not enabled.
 You followed a strict vegan diet.
 You were an atheist.
 You never genocided any monsters.
 You never polymorphed an object.
 You used no wishes.
Achievements:
 You attained the rank of Cutpurse.
 You entered the Gnomish Mines.
 You attained the rank of Rogue.

 The Dungeons of Doom: levels 1 to 5
    Level 1:
    Level 2:
    Level 3:
       Stairs down to The Gnomish Mines.
    Level 4:
    Level 5:
 The Gnomish Mines: levels 4 to 6
    Level 4:
    Level 5:
    Level 6: <- You were here.


Vanquished creatures:
  a rock mole
  4 fog clouds
  a violet fungus
  3 gnome leaders
  5 dwarves
  a giant bat
  3 hobbits
  a cave spider
  2 brown molds
  2 yellow molds
  a green mold
 21 gnomes
  2 geckos
  3 jackals
  a kobold
  2 goblins
  2 sewer rats
  5 lichens
  2 kobold zombies
  8 newts
70 creatures vanquished.

No species were genocided or became extinct.

Goodbye CheBegorr4h the Rogue...

You quit in The Gnomish Mines on dungeon level 6 with 1876 points,
and 236 pieces of gold, after 2589 moves.
You were level 6 with a maximum of 40 hit points when you quit.

